Kradschützen Motorcycle Team
Kradschützen Motorcycle Team
Construct Light Support Kompanie
le.IG 18 Support Gun Team
Construct Mechanized Kompanie
Selects L6/40 Light Tank Combat Group
Selects Towed Cannone da 105/28 Field Howitzer
Marder III Tank Destroyer
Selects Defensive Operations
Towed Cannone da 105/28 Field Howitzer
Selects Prepared Positions
Construct Panzerarmee Kommand
Selects Obice 305mm Barrage